 Dungeon Crawl Stone Soup version 0.18.1-2-ga659475 (webtiles) character file.

151 M4edhros the Sneak (level 5, -6/33 HPs)
             Began as an Octopode Artificer on May 8, 2016.
             Killed from afar by Ijyb (8 damage)
             ... with a wand of flame
             ... on level 3 of the Dungeon.
             The game lasted 00:02:19 (2492 turns).

M4edhros the Sneak (Octopode Artificer)             Turns: 2492, Time: 00:02:20

Health: -6/33      AC:  1    Str: 16    XL:     5   Next: 33%
Magic:  7/7        EV: 12    Int: 14    God:
Gold:   121        SH:  0    Dex: 13    Spells: 0 memorised, 4 levels left

rFire  . . .     SeeInvis .     j - +0 dagger (venom)
rCold  . . .     Gourm    .     (no shield)
rNeg   . . .     Faith    .     (helmet restricted)
rPois  .         Spirit   .     (no amulet)
rElec  .         Dismiss  .     (no ring)
rCorr  .         Reflect  .     (no ring)
SustAt .         Harm     .     (no ring)
MR     .....                    (no ring)
Stlth  +++++.....               (no ring)
                                (no ring)
                                (no ring)
                                (no ring)

@: mighty, not resistant to hostile enchantments, quite stealthy
A: almost no armour, amphibious, 8 rings, constrict 8, camouflage 1, gelatinous
body 1
a: no special abilities


You were on level 3 of the Dungeon.
You were hungry.

You visited 1 branch of the dungeon, and saw 4 of its levels.

You collected 121 gold pieces.

Inventory:

Hand Weapons
 a - a +0 short sword
 j - a +0 dagger of venom (weapon)
 l - a +0 hunting sling
Missiles
 m - 48 stones (quivered)
Wands
 b - a wand of flame (12/48)
 c - a wand of enslavement (11/24)
 d - a wand of random effects (10/48)
Scrolls
 e - 2 scrolls of identify {unknown}
 h - a scroll of fear {unknown}
 i - a scroll of magic mapping {unknown}
 q - a scroll of amnesia {unknown}
 s - 4 scrolls of enchant armour {unknown}
 t - a scroll of fog {unknown}
Potions
 k - a potion of magic {unknown}
 o - a potion of berserk rage {unknown}
 u - a potion of resistance {unknown}
Comestibles
 f - 3 bread rations
 g - a meat ration
 p - 4 fruits
 r - a beef jerky


   Skills:
 - Level 1.0 Fighting
 - Level 1.0 Short Blades
 - Level 2.0 Dodging
 + Level 7.2 Stealth
 - Level 3.2 Evocations


You had 4 spell levels left.
You didn't know any spells.

Dungeon Overview and Level Annotations

Branches:
Dungeon (4/15)
 Temple: D:4-7

Altars:

Annotations:
D:3 Ijyb
D:4 Kilrog's ghost, novice KoMo


Innate Abilities, Weirdness & Mutations

You cannot wear most types of armour.
You are amphibious.
You can wear up to eight rings at the same time.
You can use your tentacles to constrict eight enemies at once.
Your skin changes colour to match your surroundings (Stealth).
Your rubbery body absorbs attacks (AC +1).


Message History

Ijyb hits you with a club.
You hit Ijyb but do no damage. Your grab misses Ijyb.
Ijyb zaps a wand.
The puff of flame hits you!
A bat comes into view.
You hit Ijyb. You grab Ijyb.
Ijyb is lightly wounded.
You constrict Ijyb, but do no damage.
Ijyb zaps a wand.
The puff of flame hits you!
You hit Ijyb but do no damage.
Ijyb is poisoned.
You squeeze Ijyb.
Ijyb is lightly wounded.
You constrict Ijyb, but do no damage.
Ijyb zaps a wand.
The puff of flame hits you!
* * * LOW HITPOINT WARNING * * *
Drink which item? (? for menu, Esc to quit)
Okay, then.
You hit Ijyb but do no damage.
Ijyb looks even sicker.
You squeeze Ijyb!
Ijyb is severely wounded.
You constrict Ijyb, but do no damage. The bat barely misses you.
Ijyb zaps a wand.
The puff of flame hits you!
You die...

########## ## #...##...#
###### ...
#...##...###....## ....
#.................
.....####...............
......g......#..........
=.....b@................
........................
.##............>........
........................
........................
..............#####.....
###...........#####...##
.....#..#.............#
.....#..#.............#


You could see Ijyb and a bat.

Vanquished Creatures
  An iguana (D:4)
  Natasha (D:2)
  An orc wizard (D:4)
  An orc (D:4)
  A hound skeleton (D:4)
  An adder (D:2)
  2 worms
  3 dart slugs (D:1)
  3 giant geckos (D:1)
  A giant cockroach (D:2)
  4 goblins
  3 hobgoblins
  2 bats (D:1)
  2 giant newts
  6 kobolds
  5 rats
37 creatures vanquished.

Vanquished Creatures (collateral kills)
  A giant newt (D:1)
1 creature vanquished.

Vanquished Creatures (others)
  An orc wizard (D:4)
  A giant cockroach (D:1)
  2 fungi (D:2)
4 creatures vanquished.

Grand Total: 42 creatures vanquished

Notes
Turn   | Place    | Note
--------------------------------------------------------------
     0 | D:1      | M4edhros the Octopode Artificer began the quest for the Orb.
     0 | D:1      | Reached XP level 1. HP: 13/13 MP: 3/3
    11 | D:1      | Reached skill level 2 in Stealth
   395 | D:1      | Reached skill level 3 in Stealth
   395 | D:1      | Reached XP level 2. HP: 18/18 MP: 4/4
   653 | D:1      | Reached skill level 4 in Stealth
   754 | D:1      | Reached XP level 3. HP: 17/23 MP: 5/5
  1298 | D:2      | Noticed Natasha
  1304 | D:2      | Killed Natasha
  1304 | D:2      | Reached skill level 5 in Stealth
  1304 | D:2      | Reached XP level 4. HP: 11/28 MP: 6/6
  1811 | D:3      | Noticed Ijyb
  1828 | D:4      | Reached skill level 6 in Stealth
  2056 | D:4      | Reached XP level 5. HP: 24/33 MP: 7/7
  2063 | D:4      | Noticed Kilrog's ghost (novice KoMo)
  2102 | D:4      | Reached skill level 7 in Stealth
  2492 | D:3      | Killed from afar by Ijyb

Skill      XL: |  1  2  3  4  5 |
---------------+----------------+-----
Stealth        | 3 4 5 6 7 |  7.2
Fighting       | |  1.0
Short Blades   | |  1.0
Dodging        | |  2.0
Evocations     | |  3.2

Action                   |  1- 3 |  4- 6 || total
-------------------------+-------+-------++-------
Melee: Short sword       |    52 |    12 ||    64
       Constrict         |    14 |     5 ||    19
       Tentacles         |     6 |     7 ||    13
       Dagger            |       |    12 ||    12
Evoke: Wand              |     5 |     7 ||    12
  Use: Potion            |       |     2 ||     2
 Stab: Sleeping          |     5 |     3 ||     8
  Eat: Chunk             |       |     4 ||     4
Armor: Skin              |     6 |     1 ||     7
Dodge: Dodged            |    42 |    11 ||    53
